 Dungeon Crawl Stone Soup version 0.28.0-43-g3370ac3207 (webtiles) character file.

Game seed: 6009700137841346026

410 McKennaii the Conjurer (level 6, -1/45 HPs)
             Began as a Demigod Conjurer on Mar 29, 2022.
             Slain by a gnoll
             ... wielding a +0 club
              (8 damage)
             ... on level 4 of the Dungeon.
             The game lasted 00:04:32 (3895 turns).

McKennaii the Conjurer (Demigod Conjurer)           Turns: 3895, Time: 00:04:33

Health: -1/45      AC:  2    Str:  8    XL:     6   Next: 32%
Magic:  1/16       EV: 12    Int: 28    God:
Gold:   119        SH:  0    Dex: 12    Spells: 7/14 levels left

rFire   + . .      SeeInvis .   f - +1 hand axe (venom)
rCold   . . .      Faith    .   (no shield)
rNeg    + . .      Spirit   .   a - +0 robe
rPois   .          Reflect  .   (no helmet)
rElec   .          Harm     .   (no cloak)
rCorr   .          Rampage  .   (no gloves)
Will    .....                   (no boots)
Stlth   ++........              (no amulet)
HPRegen 0.15/turn               d - ring of protection from fire
MPRegen 0.15/turn               h - ring of positive energy

@: no status effects
A: high MP 1, forlorn, divine attributes
a: no special abilities


You were on level 4 of the Dungeon.
You visited 1 branch of the dungeon, and saw 4 of its levels.

You collected 119 gold pieces.

Inventory:

Hand Weapons
 f - a +1 hand axe of venom (weapon)
Armour
 a - a +0 robe (worn)
 b - a +1 ring mail of poison resistance
Jewellery
 d - a ring of protection from fire (left hand)
 h - a ring of positive energy (right hand)
 o - a +6 ring of dexterity
Scrolls
 e - a scroll of fear {unknown}
 g - a scroll of noise {unknown}
 i - a scroll of fog {unknown}
 j - 3 scrolls of identify {unknown}
 m - a scroll of vulnerability {unknown}
 n - a scroll of summoning {unknown}
 p - a scroll of teleportation {unknown}
Potions
 c - a potion of might {unknown}
 l - a potion of degeneration {unknown}
 q - a potion of magic {unknown}


   Skills:
 - Level 1.7 Dodging
 - Level 1.7 Stealth
 * Level 4.9 Spellcasting
 + Level 5.1 Conjurations


You had 7 spell levels left.
You knew the following spells:

 Your Spells              Type           Power      Damage    Failure   Level
a - Magic Dart            Conj           100%       1d8       1%          1
b - Searing Ray           Conj           70%        2d7       1%          2
c - Iskenderun's Mystic   Conj/Tloc      21%        2d6       24%         4

Your spell library contained the following spells:

 Spells                   Type           Power      Damage    Failure   Level
 Dazzling Flash           Conj/Hex       42%        N/A       7%          3
 Fulminant Prism          Conj/Hex       10%        3d9       24%         4


Dungeon Overview and Level Annotations

Branches:
Dungeon (4/15)
 Temple: D:4-7


Innate Abilities, Weirdness & Mutations

You have an increased reservoir of magic. (+10% MP)
You shall have no god before yourself.
Your divine heritage dramatically boosts your attributes as you level up.


Message History

Press: ? - help, Shift-Dir - straight line, f - gnoll
Aim: a gnoll, wielding a +0 club and quivering 2 throwing nets (83% to hit)
Okay, then.
The gnoll throws a throwing net.
The throwing net hits you.
You become entangled in the net!
You see here a throwing net.
You struggle against the net.
Unknown command.
You tear a large gash into the net.
The adder skeleton bites you but does no damage.
You shred the net and break free! The gnoll closely misses you.
The adder skeleton bites you.
Unknown command.
You closely miss the gnoll. You hit the adder skeleton.
The gnoll hits you with a +0 club.
* * * LOW HITPOINT WARNING * * *
The adder skeleton bites you.
* * * LOW HITPOINT WARNING * * *
Unknown command.
Casting: Searing Ray (safe; 1% risk of failure)
Confirm with . or Enter, or press ? or * to list all spells.
Aiming: Searing Ray (safe; 1% risk of failure)
Press: ? - help, Shift-Dir - straight line, f - gnoll
Aim: a gnoll, wielding a +0 flail (heavily wounded, 83% to hit)
The searing ray hits the gnoll.
The gnoll is lightly wounded.
The searing ray hits the gnoll.
You kill the gnoll! (Press . to maintain the ray.)
The gnoll closely misses you. The adder skeleton closely misses you.
Unknown command.
Unknown command.
Unknown command.
You hit the adder skeleton.
The adder skeleton is severely damaged.
You hit the gnoll. The adder skeleton misses you.
The gnoll hits you with a +0 club.
* * * LOW HITPOINT WARNING * * *
The adder skeleton barely misses you. The gnoll hits you with a +0 club!
You die...

#. #.# #.# #.# #..
# #.#### .. #..@.#
.# #)g#Z# #
###..##.# ##.#..#/#
#.g...#.#
#.###...##........#
##.#.####.##....#.#
#.g..Z...........
##.#####.###.#.#
#.# ##.##..# #.#
##...#####


You could see a gnoll and an adder skeleton.

Vanquished Creatures
  Grinder (D:4)
  A howler monkey (D:4)
  An orc wizard (D:3)
  An adder (D:2)
  8 gnolls
  A worm (D:2)
  A dart slug (D:2)
  4 orcs (D:3)
  2 ball pythons
  6 bats
  4 endoplasms
  3 goblins
  5 hobgoblins
  4 jackals (D:2)
  3 frilled lizards (D:3)
  13 kobolds
  4 rats
62 creatures vanquished.

Vanquished Creatures (others)
  7 plants (D:3)
7 creatures vanquished.

Grand Total: 69 creatures vanquished

Notes
Turn   | Place    | Note
-------+----------+-------------------------------------------
     0 | D:1      | McKennaii the Demigod Conjurer began the quest for the Orb.
     0 | D:1      | Reached XP level 1. HP: 14/14 MP: 5/5
   524 | D:1      | Reached XP level 2. HP: 20/20 MP: 5/7
  1139 | D:2      | HP: 1/20 [poisoned by an adder]
  1476 | D:2      | Reached XP level 3. HP: 26/26 MP: 5/9
  1478 | D:2      | Reached skill level 4 in Conjurations
  2380 | D:3      | Reached XP level 4. HP: 5/33 MP: 0/11
  3513 | D:3      | Learned a level 2 spell: Searing Ray
  3518 | D:3      | Learned a level 4 spell: Iskenderun's Mystic Blast
  3841 | D:4      | Reached XP level 5. HP: 38/38 MP: 7/14
  3858 | D:4      | Noticed Grinder
  3867 | D:4      | Paralysed by Grinder for 3 turns
  3878 | D:4      | Killed Grinder
  3879 | D:4      | Reached skill level 5 in Conjurations
  3879 | D:4      | Reached XP level 6. HP: 33/45 MP: 1/16
  3895 | D:4      | Slain by a gnoll

Illustrated notes

Levels and vault maps discovered:
D:1:      minmay_arrival_three_doors, layout_loops_cross
D:2:      layout_basic
D:3:      wander_river, layout_loops_corners,
          mainiacjoe_overflow_small_starburst,
          gammafunk_temple_overflow_elements, ebering_ecumenical_altar_webs,
          lexackson_kobold_supper
D:4:      layout_loops_ring, xom_butterflies, serial_shops, shop,
          uniq_crazy_yiuf_cottage, uniq_grinder

Skill      XL: |  1  2  3  4  5 |
---------------+----------------+-----
Spellcasting   | 2 3 4 |  4.9
Conjurations   | 4 5 |  5.1
Dodging        | |  1.7
Stealth        | |  1.7

Action                   |  1- 3 |  4- 6 || total
-------------------------+-------+-------++-------
Melee: Unarmed           |     9 |       ||     9
       Punch             |     1 |       ||     1
       Hand axe          |     9 |     5 ||    14
 Cast: Magic Dart        |    82 |    60 ||   142
       Searing Ray       |       |     4 ||     4
  Use: Potion            |       |     2 ||     2
Armor: Robe              |     4 |     1 ||     5
Dodge: Dodged            |    16 |     9 ||    25
